 Dungeon Crawl Stone Soup version 0.30-a0-263-ge22c4ad894 (webtiles) character file.

Game seed: 16783793131917510818

23 sscrono2 the Sneak (level 3, 0/26 HPs)
             Began as an Octopode Delver on Oct 13, 2022.
             Killed by nerve-wracking pain
             ... invoked by Grinder
              (3 damage)
             ... on level 3 of the Dungeon.
             The game lasted 00:01:31 (315 turns).

sscrono2 the Sneak (Octopode Delver)                 Turns: 315, Time: 00:01:32

Health: 0/26       AC:  1    Str: 11    XL:     3   Next: 0%
Magic:  3/3        EV: 13    Int: 14    God:
Gold:   71         SH:  0    Dex: 13    Spells: 2/2 levels left

rFire   . . .      SeeInvis +      - Unarmed
rCold   . . .      Faith    .    (no shield)
rNeg    . . .      Spirit   .    (helmet restricted)
rPois   .          Reflect  .    (no amulet)
rElec   .          Harm     .    k - ring of see invisible
rCorr   .          Rampage  .    (no ring)
Will    .....                    (no ring)
Stlth   ++++......               (no ring)
HPRegen 0.24/turn                (no ring)
MPRegen 0.08/turn                (no ring)
                                 (no ring)
                                 (no ring)

@: hasted, very quick
A: almost no armour, amphibious, 8 rings, camouflage 1, gelatinous body 1,
(nimble swimmer 1), tentacles
a: no special abilities


You were on level 3 of the Dungeon.
You visited 1 branch of the dungeon, and saw 3 of its levels.

You collected 71 gold pieces.

Inventory:

Missiles
 i - 8 poisoned darts (quivered)
Armour
 c - a +0 tower shield
Jewellery
 k - a ring of see invisible (left tentacle)
Wands
 e - a wand of digging (3)
 f - a wand of polymorph (7)
Scrolls
 a - a scroll of fog
 b - a scroll of magic mapping
 h - a scroll of fear
 j - 2 scrolls of identify {unknown}
Potions
 g - a potion of curing


   Skills:
 - Level 3.0 Fighting
 - Level 2.0 Dodging
 - Level 6.6 Stealth
 + Level 1.1 Shields
 * Level 3.0 Unarmed Combat


You had 2 spell levels left.
You didn't know any spells.
Your spell library contained the following spells:

 Spells                   Type           Power      Damage    Failure   Level
 Dazzling Flash           Conj/Hex       0%         N/A       65%         3
 Agony                    Necr           0%         N/A       100%        5
 Silence                  Hex/Air        0%         N/A       100%        5


Dungeon Overview and Level Annotations

Branches:
Dungeon (5/15)
 Temple: D:4-7

Altars:
Qazlal

Annotations:
D:3 Grinder
D:4 Edmund


Innate Abilities, Weirdness & Mutations

You cannot wear most types of armour.
You are amphibious.
You can wear up to eight rings at the same time.
Your skin changes colour to match your surroundings (Stealth+).
Your rubbery body absorbs attacks. (AC +1, EV +1)
((You are camouflaged when in or above water. (Stealth+)))
You have tentacles for arms and can constrict up to eight enemies at once.


Message History

Grinder barely misses you.
You tentacle-slap Grinder. Your grab misses Grinder.
Grinder is moderately wounded.
Grinder closely misses you.
You tentacle-slap Grinder. You grab Grinder. You squeeze Grinder.
Grinder is moderately wounded.
You constrict Grinder, but do no damage.
You tentacle-slap Grinder.
Grinder is heavily wounded.
You constrict Grinder. Grinder gestures at you. Pain shoots through your body!
You tentacle-slap Grinder.
Grinder is heavily wounded.
You constrict Grinder.
You tentacle-slap Grinder but do no damage.
You squeeze Grinder.
Grinder is severely wounded.
You constrict Grinder. Grinder barely misses you.
You tentacle-slap Grinder.
Grinder is severely wounded.
You constrict Grinder. Grinder hits you.
You writhe in agony.
You tentacle-slap Grinder but do no damage.
You squeeze Grinder, but do no damage.
Grinder is severely wounded.
You constrict Grinder. You barely miss Grinder.
Grinder is severely wounded.
You constrict Grinder.
Grinder blinks free!
Grinder hits you!
* * * LOW HITPOINT WARNING * * *
You tentacle-slap Grinder. You grab Grinder.
Grinder is almost dead.
You constrict Grinder, but do no damage.
You tentacle-slap Grinder but do no damage.
Grinder is almost dead.
You constrict Grinder, but do no damage.
Grinder gestures at you. Pain shoots through your body!
You die...

#....)).....#....♣.
#..............#...
#..........♣)♣.....
#...............♣.♣
#.........#...#....
#.#######...♣†...#.
#.#### #.#...#....
#..5.####.......♣.♣
#.@..#.....♣.♣.....
#$...#.........#...
#..####......#....♣.
#... #.........#...
.#.# #.....♣.♣.....
..#.# #..........♣.♣
...#.#
+....#...#.... ...
... #......♣....#.
#...#....


You could see Grinder.

Vanquished Creatures
  An adder (D:3)
  2 bats (D:3)
  A goblin (D:3)
  3 hobgoblins
  A kobold (D:3)
  3 quokkas
  A rat (D:3)
12 creatures vanquished.

Notes
Turn   | Place    | Note
-------+----------+-------------------------------------------
     0 | D:5      | sscrono2 the Octopode Delver began the quest for the Orb.
     0 | D:5      | Reached XP level 1. HP: 16/16 MP: 1/1
     8 | D:5      | Noticed an ogre
    26 | D:5      | Noticed a phantom
    46 | D:5      | Noticed an ogre
    47 | D:5      | Noticed a phantom
   131 | D:4      | Noticed a quasit
   132 | D:4      | Noticed a quasit
   133 | D:4      | Noticed a quasit
   159 | D:4      | Found a stormy altar of Qazlal.
   160 | D:4      | Noticed an air elemental
   169 | D:4      | Noticed a fire elemental
   169 | D:4      | Noticed a water elemental
   169 | D:4      | Noticed an earth elemental
   188 | D:4      | Noticed Edmund
   221 | D:3      | Reached XP level 2. HP: 21/21 MP: 2/2
   225 | D:3      | Reached skill level 1 in Shields
   281 | D:3      | Reached XP level 3. HP: 23/26 MP: 3/3
   294 | D:3      | Noticed Grinder
   315 | D:3      | Killed from afar by Grinder

Illustrated notes

Levels and vault maps discovered:
D:3:      layout_basic, lemuel_round_altar, nicolae_kite_square_tiling_tiny,
          uniq_jessica, uniq_crazy_yiuf_cottage, uniq_grinder
D:4:      cheibrodos_quashed, layout_cave_pools, general_overflow_altar,
          nicolae_qazlal_style_of_elements, gammafunk_ghost_grave, uniq_edmund
D:5:      nicolae_BIG_FREAKIN_CUBE, layout_rooms,
          nicolae_overflow_hidden_temple, minmay_temple_entry_glassed_door,
          uniq_pikel, uniq_eustachio

Skill      XL: |  1  2 |
---------------+-------+-----
Shields        | 1 |  1.1
Unarmed Combat | 3 |  3.0
Fighting       | |  3.0
Dodging        | |  2.0
Stealth        | |  6.6

Action                   || total
-------------------------++-------
Melee: Unarmed           ||    34
       Tentacles         ||    11
       Constrict         ||     9
       Punch             ||     1
  Use: Scroll            ||     1
       Potion            ||     2
 Stab: Sleeping          ||     5
Armor: Skin              ||     4
Dodge: Dodged            ||    10

Table legend: (Time is in decaauts)
 A = Elapsed time spent in this place.
 B = Non-inter-level travel time spent in this place.
 C = Inter-level travel time spent in this place.
 D = Time resting spent in this place.
 E = Time spent auto-exploring this place.
 F = Levels seen in this place.
 G = Mean time per level.
                   A        B        C        D        E       F      G
               +--------+--------+--------+--------+--------+-----+--------+
         Total |    306 |    301 |      5 |      0 |    124 |   3 |  102.0 |
       Dungeon |    306 |    301 |      5 |      0 |    124 |   3 |  102.0 |
               +--------+--------+--------+--------+--------+-----+--------+

Top non-repeatable levels by time:
     D:3: 116 daAuts
     D:4: 114 daAuts
     D:5: 75 daAuts
